 Dungeon Crawl Stone Soup version 0.20.1-1-g8b1a95d (webtiles) character file.

160 Ladhar the Ruffian (level 5, -1/46 HPs)
             Began as a Hill Orc Monk on Oct 24, 2017.
             Slain by an adder (2 damage)
             ... on level 3 of the Dungeon.
             The game lasted 00:09:58 (2476 turns).

Ladhar the Ruffian (Hill Orc Monk)                  Turns: 2476, Time: 00:09:58

Health: -1/46      AC:  2    Str: 15    XL:     5   Next: 41%
Magic:  5/5        EV: 10    Int: 10    God:
Gold:   79         SH:  7    Dex: 13    Spells: 4/4 levels left

rFire    . . .     SeeInvis .     - Unarmed
rCold    . . .     Gourm    .   f - +0 shield
rNeg     . . .     Faith    .   a - +0 robe
rPois    .         Spirit   .   (no helmet)
rElec    .         Reflect  .   (no cloak)
rCorr    .         Harm     .   (no gloves)
MR       .....     Rnd*Tele +   (no boots)
Stlth    ++........             (no amulet)
Regen    0.2/turn               r - ring of teleportation (curse)
MPRegen  0.1/turn               (no ring)

@: lethally poisoned (-1 -> -4)
A: no striking features
a: no special abilities


You were on level 3 of the Dungeon.
You were not hungry.

You visited 1 branch of the dungeon, and saw 3 of its levels.

You collected 79 gold pieces.

Inventory:

Missiles
 c - 60 bolts
 t - 6 tomahawks (quivered)
 u - 13 poisoned needles
Armour
 a - a +0 robe (worn)
 f - a +0 shield (worn)
 k - a +0 chain mail
Jewellery
 r - a cursed ring of teleportation (left hand)
Scrolls
 i - a scroll of teleportation {unknown}
 l - 5 scrolls of identify {unknown}
 m - a scroll of enchant weapon {unknown}
 n - a scroll of immolation {unknown}
Potions
 e - a potion of agility {unknown}
 j - a potion of invisibility {unknown}
 o - 2 potions of curing
 p - a potion of berserk rage {unknown}
 q - a potion of resistance {unknown}
 s - a potion of mutation {unknown}
Comestibles
 b - 5 bread rations
 d - 4 fruits
 g - a royal jelly
 h - a meat ration
 v - a chunk of flesh


   Skills:
 + Level 3.9 Fighting
 - Level 0.9 Armour
 - Level 2.9 Dodging
 - Level 1.6 Stealth
 - Level 0.4 Shields
 * Level 5.7 Unarmed Combat


You had 4 spell levels left.
You didn't know any spells.

Dungeon Overview and Level Annotations

Branches:
Dungeon (3/15)

Altars:
Dithmenos
Nemelex Xobeh
Okawaru
Ru
Vehumet
Xom

Annotations:
D:3 Ijyb


Message History

Your shield prevents you from hitting the adder.
The adder is heavily wounded.
The adder bites you.
* * * LOW HITPOINT WARNING * * *
You are poisoned.
The adder poisons you! Ijyb barely misses you. The adder barely misses you.
You block the rat's attack.
You closely miss the adder.
The adder is heavily wounded.
* * * LOW HITPOINT WARNING * * *
You feel sick. You block Ijyb's attack. The adder bites you.
* * * LOW HITPOINT WARNING * * *
The rat bites you.
* * * LOW HITPOINT WARNING * * *
Unknown command.
Unknown command.
You closely miss the adder.
The adder is heavily wounded.
The adder bites you.
You die...

.g# #..#.#.#..#
#.# #..#.#.#..#
#.# #..#.#.#..#
#.# #..#.#.#..#
#.# #..#.#.#..#
#.#
#..#.#.#..#####.#
# #.#........#
######.#.#
##.###..##
###.##..g@S>..#
#.# #..#
#........r....#
#.# #..#
#.............#
#.# #..#
#....#####...?#
..# #..# #.###
....########..# .
....#..<......#
....#.#.####.##
....# #.. #.#
####.#.#


You could see Ijyb, an adder and a rat.

Vanquished Creatures
  Terence (D:2)
  4 adders
  3 gnolls (D:3)
  2 oozes
  2 worms
  2 dart slugs (D:1)
  2 leopard geckos
  2 giant cockroaches
  5 goblins
  4 hobgoblins
  8 jackals
  A quokka (D:2)
  A ball python (D:1)
  A bat (D:1)
  4 frilled lizards
  5 kobolds
  5 rats
52 creatures vanquished.

Notes
Turn   | Place    | Note
-------+----------+-------------------------------------------
     0 | D:1      | Ladhar the Hill Orc Monk began the quest for the Orb.
     0 | D:1      | Reached XP level 1. HP: 19/19 MP: 1/1
   398 | D:1      | Reached XP level 2. HP: 27/27 MP: 2/2
   839 | D:1      | Reached XP level 3. HP: 33/33 MP: 3/3
   941 | D:2      | Found a shadowy altar of Dithmenos.
   957 | D:2      | Found a sparkling altar of Nemelex Xobeh.
   957 | D:2      | Found a radiant altar of Vehumet.
   957 | D:2      | Found an iron altar of Okawaru.
  1056 | D:2      | Found a sacrificial altar of Ru.
  1178 | D:2      | Reached skill level 4 in Unarmed Combat
  1297 | D:2      | Noticed Terence
  1312 | D:2      | Killed Terence
  1312 | D:2      | Reached XP level 4. HP: 11/40 MP: 4/4
  1850 | D:2      | Reached skill level 5 in Unarmed Combat
  2035 | D:2      | Found a shimmering altar of Xom.
  2353 | D:3      | Reached XP level 5. HP: 39/46 MP: 5/5
  2466 | D:3      | Noticed Ijyb
  2475 | D:3      | HP: 2/46 [adder (2)]
  2476 | D:3      | Slain by an adder

Skill      XL: |  1  2  3  4 |
---------------+-------------+-----
Unarmed Combat | 4 5 |  5.7
Fighting       | |  3.9
Armour         | |  0.9
Dodging        | |  2.9
Stealth        | |  1.6
Shields        | |  0.4

Action                   |  1- 3 |  4- 6 || total
-------------------------+-------+-------++-------
Melee: Unarmed           |   159 |    78 ||   237
  Use: Potion            |       |     1 ||     1
 Stab: Sleeping          |     1 |       ||     1
  Eat: Chunk             |     1 |     3 ||     4
       Fruit             |       |     1 ||     1
Armor: Chain mail        |    53 |       ||    53
       Robe              |     9 |    10 ||    19
Dodge: Dodged            |    48 |    37 ||    85
Block: Shield            |    48 |    24 ||    72
